 Dungeon Crawl Stone Soup version 0.23.2-1-ga50397a (webtiles) character file.

Game seed: 4567297077121939574

26286 myga the Cruncher (level 13, -12/99 HPs)
             Began as a Formicid Fighter on May 13, 2019.
             Was a High Priest of Makhleb.
             Killed from afar by Nikola (29 damage)
             ... with a chain lightning
             ... on level 1 of the Snake Pit.
             The game lasted 01:22:27 (14359 turns).

myga the Cruncher (Formicid Fighter)               Turns: 14359, Time: 01:22:28

Health: -12/99     AC: 18    Str: 21    XL:     13   Next: 57%
Magic:  19/19      EV:  8    Int:  9    God:    Makhleb [*****.]
Gold:   905        SH: 13    Dex: 19    Spells: 12/12 levels left

rFire    . . .     SeeInvis +   W - +7 great mace (protect)
rCold    . . .     Gourm    .   c - +0 shield
rNeg     + . .     Faith    +   v - +0 plate armour of the Imp {rN+}
rPois    .         Spirit   .   (helmet unavailable)
rElec    .         Reflect  .   k - +0 cloak
rCorr    .         Harm     .   T - +0 pair of gloves
MR       +....                  A - +0 pair of boots
Stlth    ..........             h - amulet of faith
HPRegen  0.26/turn              p - +5 ring of dexterity
MPRegen  0.16/turn              Z - +4 ring of slaying

@: no status effects
A: permanent stasis, dig shafts and tunnels, four strong arms, antennae 3
a: Dig, Shaft Self, Minor Destruction, Lesser Servant of Makhleb, Major
Destruction, Greater Servant of Makhleb, Renounce Religion


You were on level 1 of the Snake Pit.
You worshipped Makhleb.
Makhleb was extremely pleased with you.
You were not hungry.

You visited 4 branches of the dungeon, and saw 15 of its levels.
You also visited: Ossuary and Ice Cave.

You collected 961 gold pieces.
You spent 56 gold pieces at shops.

Inventory:

Hand Weapons
 d - a +5 quarterstaff of chaos
 l - the +10 spear "Cemmej" {antimagic, +Inv Dex+3}
   (You found it on level 7 of the Dungeon)

   It reduces the magical energy of the wielder, and disrupts the spells and
   magical abilities of those hit.
   Natural abilities and divine invocations are not affected.
   It affects your dexterity (+3).
   It lets you turn invisible.
 w - a +4 flail of holy wrath
 W - a +7 great mace of protection (weapon)
Missiles
 i - 419 stones (quivered)
 m - 5 throwing nets
 L - 4 javelins
Armour
 c - a +0 shield (worn)
 k - a +0 cloak (worn)
 v - the +0 plate armour of the Imp (worn) {rN+}
   (You found it on level 8 of the Dungeon)

   It protects you from negative energy.
 A - a +0 pair of boots (worn)
 Q - a +0 plate armour
 T - a +0 pair of gloves (worn)
 V - a +0 troll leather armour
Jewellery
 e - an uncursed ring of protection from magic
 h - an amulet of faith (around neck)
 j - an uncursed amulet of the gourmand {unknown}
 p - a +5 ring of dexterity (left hand)
 t - a +5 ring of dexterity
 E - an uncursed amulet of rage {unknown}
 F - a +4 ring of protection
 J - an uncursed amulet of rage {unknown}
 N - an uncursed amulet of rage {unknown}
 Z - a +4 ring of slaying (right hand)
Wands
 u - a wand of random effects (22)
 B - a wand of iceblast (23)
 C - a wand of paralysis (10)
 H - a wand of disintegration (16)
 M - a wand of enslavement (6)
 U - a wand of flame (7)
 X - a wand of polymorph (5)
Scrolls
 b - 13 scrolls of remove curse
 q - 3 scrolls of amnesia
 r - 3 scrolls of enchant armour
 x - a scroll of immolation
 y - 2 scrolls of magic mapping
 D - a scroll of silence {unknown}
 O - a scroll of fear {unknown}
 P - a scroll of summoning {unknown}
 R - 3 scrolls of fog
Potions
 a - a potion of brilliance {unknown}
 g - 5 potions of curing
 n - 5 potions of mutation
 o - 4 potions of agility
 z - 2 potions of magic
 G - 2 potions of resistance
 I - 2 potions of might
 K - 3 potions of lignification
 S - a potion of cancellation
 Y - 2 potions of flight {unknown}
Comestibles
 f - 25 rations


   Skills:
 + Level 8.6 Fighting
 + Level 6.1(9.9) Maces & Flails
 + Level 11.9(12.4) Staves
 + Level 6.3 Throwing
 + Level 9.4 Armour
 + Level 2.2 Dodging
 + Level 5.7 Stealth
 + Level 10.6 Shields
 + Level 9.1 Invocations
 + Level 1.5 Evocations


You had 12 spell levels left.
You didn't know any spells.
Your spell library contained the following spells:

 Spells                   Type           Power        Failure   Level  Hunger
 Apportation              Tloc           #.....       100%        1    ##.....
 Magic Dart               Conj           #...         100%        1    ##.....
 Summon Butterflies       Summ           #.......     100%        1    ##.....
 Call Imp                 Summ           #.......     100%        2    ###....
 Slow                     Hex            #.......     100%        2    ###....
 Conjure Flame            Conj/Fire      #.......     100%        3    ####...
 Lesser Beckoning         Tloc           #.........   100%        3    ####...
 Mephitic Cloud           Conj/Pois/Air  #.......     100%        3    ####...
 Tukima's Dance           Hex            #.......     100%        3    ####...
 Alistair's Intoxication  Tmut/Pois      #.......     100%        5    ######.
 Invisibility             Hex            #.......     100%        6    #######
 Malign Gateway           Summ/Tloc      #.........   100%        7    #######
 Monstrous Menagerie      Summ           #.........   100%        7    #######
 Summon Greater Demon     Summ           #.........   100%        7    #######
 Summon Horrible Things   Summ           #.........   100%        8    #######
 Blink                    Tloc           Unusable     N/A         2    N/A

Dungeon Overview and Level Annotations

Branches:
Dungeon (11/15)            Temple (1/1) D:6            Lair (2/6) D:11
  Snake (1/4) Lair:2          Orc (0/2) D:9
  Swamp: Lair:2-4    Shoals: Lair:2-4

Altars:
Ashenzari
Cheibriados
Dithmenos
Elyvilon
Fedhas
Gozag
Hepliaklqana
Kikubaaqudgha
Makhleb
Nemelex Xobeh
Okawaru
Qazlal
Ru
Sif Muna
Trog
Uskayaw
Vehumet
Wu Jian
Xom
Yredelemnul
Zin
The Shining One

Shops:
D:4 =   D:8 !

Annotations:
D:10 1 runed translucent door, Ds27's ghost, novice DsFi
Snake:1 Nikola


Innate Abilities, Weirdness & Mutations

You cannot be hasted, slowed, berserked, paralysed or teleported.
You can dig through walls and to a lower floor.
Your four strong arms can wield two-handed weapons with a shield.
You have a pair of large antennae on your head. (SInv)


Message History

You hear a mighty clap of thunder!
The lightning arc hits you!!
The lightning arc grounds out.
Press: ? - help, Shift-Dir - straight line, f/p - Nikola
Aim: Nikola, wielding a +1 rapier of electrocution, wearing a +0 cloak and wearing a +0 pair of gloves (moderately wounded, covered in liquid flames, covered in acid, lightly drained)
The bolt of fire hits Nikola!
Nikola is heavily wounded.
Nikola burns!
Nikola mumbles some strange words.
Nikola blinks!
Press: ? - help, Shift-Dir - straight line, f/p - Nikola
Aim: Nikola, wielding a +1 rapier of electrocution, wearing a +0 cloak and wearing a +0 pair of gloves (heavily wounded, covered in liquid flames, covered in acid, lightly drained)
The orb of electricity explodes!
The orb of electricity engulfs Nikola!!
Nikola is heavily wounded.
Nikola burns!
Nikola mumbles some strange words.
You hear a mighty clap of thunder!
The lightning arc hits you!!
* * * LOW HITPOINT WARNING * * *
The lightning arc hits Nikola.
The lightning arc hits you!!
You die...

##....#.....
##...#.......
##............
##.............
#§...........).
####............(.
##........#.....)..
##..(......#........
#..@......##...##...
#..†.....@##..###....
#...........#..##.....#
#.....).........#.......
..(.....................
..##...................#
. ..(..................
..............##......
........##.......


You could see Nikola (burning).

Vanquished Creatures
  A nagaraja (Snake:1)
  The ghost of MajorAdolf the Covert, a journeyman NaWn of Dithmenos (D:11)
  Harold (D:7)
  Urug (Lair:1)
  A naga sharpshooter (Snake:1)
  An unseen horror (D:11)
  Pikel (D:7)
  2 ugly things
  A mana viper (Snake:1)
  A salamander (Snake:1)
  A cyclops (D:11)
  3 black mambas (Snake:1)
  Joseph (D:7)
  A gargoyle (D:11)
  3 spiny frogs
  2 komodo dragons
  2 kobold demonologists (D:11)
  3 polar bears (Lair:1)
  3 trolls
  Grinder (D:6)
  3 hippogriffs
  23 yaks
  A wyvern (Lair:1)
  A spriggan (D:8)
  Edmund (D:5)
  2 nagas (Snake:1)
  12 water moccasins
  9 porcupines
  Duvessa (D:4)
  An orc warrior (D:7)
  A black bear (D:11)
  5 ice beasts
  A sky beast (D:11)
  An eye of draining (D:10)
  2 phantoms (D:8)
  2 necrophages
  2 centaurs
  4 ogres
  9 big kobolds
  Blork the orc (D:5)
  A crocodile (D:11)
  8 bullfrogs
  A gnoll sergeant (D:11)
  A wyvern zombie (D:10)
  Dowan (D:4)
  18 scorpions
  6 killer bees (D:11)
  7 wights (D:11)
  An electric eel (Lair:2)
  4 howler monkeys
  A crimson imp (D:5)
  A bullfrog zombie (D:5)
  5 centaur zombies
  2 human zombies (Ossuary)
  A jelly (D:11)
  2 quasits
  A bullfrog skeleton (D:11)
  3 centaur skeletons
  4 orc priests
  Crazy Yiuf (D:3)
  A gnoll shaman (D:4)
  4 hounds
  An iguana (D:11)
  Jessica (D:3)
  7 worker ants
  7 orc wizards
  2 big kobold zombies (Ossuary)
  4 mummies
  A howler monkey zombie (D:11)
  2 worker ant zombies
  15 gnolls
  4 scorpion zombies (Ossuary)
  11 adders
  An ooze (D:1)
  2 worms
  A dart slug (D:1)
  3 leopard geckos
  23 orcs
  3 giant cockroaches
  2 gnoll zombies (Ossuary)
  11 goblins
  10 hobgoblins
  4 jackals
  4 quokkas
  3 ball pythons
  10 bats
  3 frilled lizards
  2 goblin zombies (Ossuary)
  2 hobgoblin zombies (Ossuary)
  A jackal skeleton (D:5)
  13 kobolds
  4 kobold zombies (Ossuary)
  An orc zombie (Ossuary)
  A quokka skeleton (D:5)
  A quokka zombie (D:5)
  7 rats
  A fungus (Lair:1)
355 creatures vanquished.

Vanquished Creatures (collateral kills)
  A yak (Lair:2)
  3 ice beasts (IceCv)
4 creatures vanquished.

Vanquished Creatures (others)
  A naga sharpshooter (Snake:1)
  A centaur zombie (D:11)
  An orc warrior (D:10)
  An ice beast (D:7)
  A slave (D:7)
  An ogre (D:7)
  A big kobold (D:11)
  A hound zombie (D:10)
  An adder zombie (D:7)
  An orc (D:7)
  16 fungi (D:11)
  7 plants
33 creatures vanquished.

Grand Total: 392 creatures vanquished

Notes
Turn   | Place    | Note
-------+----------+-------------------------------------------
     0 | D:1      | myga the Formicid Fighter began the quest for the Orb.
     0 | D:1      | Reached XP level 1. HP: 18/18 MP: 1/1
   195 | D:1      | Reached XP level 2. HP: 24/24 MP: 2/2
   507 | D:1      | Reached XP level 3. HP: 26/29 MP: 3/3
   928 | D:2      | Reached skill level 3 in Staves
   928 | D:2      | Reached XP level 4. HP: 14/37 MP: 4/4
  1561 | D:2      | Reached XP level 5. HP: 42/42 MP: 5/5
  2758 | D:3      | Noticed Jessica
  2765 | D:3      | Killed Jessica
  2765 | D:3      | Reached XP level 6. HP: 48/48 MP: 6/6
  2813 | D:3      | Found a runed translucent door.
  2814 | D:3      | Noticed Crazy Yiuf
  2985 | D:3      | Found a white marble altar of Elyvilon.
  3151 | D:3      | Killed Crazy Yiuf
  3151 | D:3      | Reached skill level 4 in Staves
  3249 | D:4      | Reached skill level 5 in Shields
  3333 | D:4      | Found a radiant altar of Vehumet.
  3333 | D:4      | Found an ancient bone altar of Kikubaaqudgha.
  3333 | D:4      | Found an ornate altar of the Wu Jian Council.
  3350 | D:4      | Found Hinul's Jewellery Shoppe.
  3368 | D:4      | Noticed Duvessa
  3368 | D:4      | Noticed Dowan
  3376 | D:4      | Killed Duvessa
  3376 | D:4      | Reached skill level 1 in Throwing
  3376 | D:4      | Reached XP level 7. HP: 48/54 MP: 7/7
  3393 | D:4      | Killed Dowan
  3394 | D:4      | Reached skill level 1 in Stealth
  3792 | D:4      | Found a shattered altar of Ashenzari.
  3794 | D:4      | Found a burning altar of Makhleb.
  4212 | D:5      | Entered Level 5 of the Dungeon
  4228 | D:5      | Reached skill level 5 in Staves
  4241 | D:5      | Reached skill level 1 in Dodging
  4241 | D:5      | Reached XP level 8. HP: 22/61 MP: 8/8
  4246 | D:5      | Reached skill level 5 in Armour
  4254 | D:5      | Noticed Edmund
  4275 | D:5      | Killed Edmund
  4275 | D:5      | Reached skill level 6 in Staves
  4327 | D:5      | Noticed Blork the orc
  4341 | D:5      | Killed Blork the orc
  5029 | D:5      | Reached skill level 5 in Fighting
  5345 | D:4      | Became a worshipper of Makhleb the Destroyer
  5375 | D:6      | Noticed Grinder
  5379 | D:6      | Reached skill level 7 in Staves
  5395 | D:6      | Killed Grinder
  5395 | D:6      | Reached XP level 9. HP: 62/68 MP: 9/9
  5458 | D:6      | Found a staircase to the Ecumenical Temple.
  5488 | Temple   | Entered the Ecumenical Temple
  6052 | D:7      | Noticed Pikel
  6069 | D:7      | Noticed Joseph
  6072 | D:7      | Killed Pikel
  6072 | D:7      | Reached skill level 8 in Staves
  6141 | D:8      | Found a sand-covered staircase.
  6157 | Ossuary  | Entered an ossuary
  6456 | Ossuary  | Reached * piety under Makhleb
  6541 | Ossuary  | Reached XP level 10. HP: 65/76 MP: 10/10
  6738 | Ossuary  | Reached skill level 9 in Staves
  7126 | D:7      | Noticed Harold
  7145 | D:7      | Killed Harold
  7146 | D:7      | Reached ** piety under Makhleb
  7188 | D:7      | Killed Joseph
  7575 | D:7      | Got a bone spear
  7597 | D:7      | Identified the +10 spear "Cemmej" {antimagic, +Inv Dex+3}
                  | (You found it on level 7 of the Dungeon)
  8187 | D:8      | Found Ceyzeud's Distillery.
  8232 | D:8      | Reached skill level 1 in Evocations
  8329 | D:8      | Reached skill level 1 in Invocations
  8429 | D:8      | Got a jewelled plate armour
  8440 | D:8      | Identified the +0 plate armour of the Imp {rN+} (You found
                  | it on level 8 of the Dungeon)
  8571 | D:8      | Reached skill level 10 in Staves
  8727 | D:9      | Reached XP level 11. HP: 83/83 MP: 12/12
  8739 | D:9      | Reached skill level 5 in Throwing
  8858 | D:9      | Reached *** piety under Makhleb
  8980 | D:9      | Found a staircase to the Orcish Mines.
  9496 | D:10     | Entered Level 10 of the Dungeon
  9517 | D:8      | Bought a potion of might for 56 gold pieces
  9668 | D:10     | Reached **** piety under Makhleb
  9741 | D:10     | Reached skill level 5 in Invocations
 10129 | D:10     | Found a runed translucent door.
 10129 | D:10     | Found a shimmering altar of Xom.
 10129 | D:10     | Noticed Ds27's ghost (novice DsFi)
 10129 | D:10     | Noticed a +1 broad axe of chaos
 10430 | D:11     | Reached skill level 11 in Staves
 10478 | D:11     | Noticed an unseen horror
 10481 | D:11     | Killed an unseen horror
 10481 | D:11     | Reached XP level 12. HP: 90/91 MP: 16/16
 10759 | D:11     | Reached ***** piety under Makhleb
 10767 | D:11     | Found a staircase to the Lair.
 10816 | D:11     | Reached skill level 5 in Stealth
 10913 | D:11     | Found a runed translucent gate.
 10914 | D:11     | Found a runed translucent gate.
 10915 | D:11     | Found a runed translucent gate.
 10916 | D:11     | Identified the cursed +2 whip of Greed {venom, rF+ Dex+9}
 10918 | D:11     | Noticed MajorAdolf's ghost (journeyman NaWn)
 11660 | D:11     | Noticed a sixfirhy
 11681 | D:11     | Killed MajorAdolf's ghost
 11901 | D:11     | Noticed a soul eater
 11937 | Lair:1   | Entered Level 1 of the Lair of Beasts
 12038 | Lair:1   | Noticed Urug
 12052 | Lair:1   | Killed Urug
 12052 | Lair:1   | Reached skill level 10 in Shields
 12211 | Lair:1   | Found a white marble altar of Elyvilon.
 12333 | Lair:1   | Reached skill level 1 in Maces & Flails
 12346 | Lair:1   | Reached XP level 13. HP: 17/98 MP: 19/19
 12991 | Lair:2   | Found a staircase to the Snake Pit.
 13016 | Lair:2   | Found a frozen archway.
 13020 | IceCv    | Entered an ice cave
 13039 | IceCv    | Found a transporter.
 13134 | IceCv    | Found a transporter.
 13868 | Snake:1  | Entered Level 1 of the Snake Pit
 13905 | Snake:1  | Reached skill level 5 in Maces & Flails
 14128 | Snake:1  | Noticed a nagaraja
 14144 | Snake:1  | Killed a nagaraja
 14340 | Snake:1  | Noticed Nikola
 14359 | Snake:1  | Killed from afar by Nikola

Skill      XL: |  1  2  3  4  5  6  7  8  9 10 11 12 13 |
---------------+----------------------------------------+-----
Shields        | 4 5 6 8 9 10 | 10.6
Staves         | 3 4 5 7 8 10 11 | 11.9
Armour         | 4 5 6 7 8 9 |  9.4
Fighting       | 4 5 6 7 8 |  8.6
Throwing       | 1 2 3 4 5 6 |  6.3
Stealth        | 1 3 4 5 |  5.7
Dodging        | 1 2 |  2.2
Evocations     | 1 |  1.5
Invocations    | 1 6 8 9 |  9.1
Maces & Flails | 1 6 |  6.1

Action                   |  1- 3 |  4- 6 |  7- 9 | 10-12 | 13-15 || total
-------------------------+-------+-------+-------+-------+-------++-------
Melee: Quarterstaff      |   154 |   174 |   213 |   638 |       ||  1179
       Great mace        |       |       |       |    37 |   141 ||   178
Throw: Stone             |    18 |    50 |    68 |   141 |     3 ||   280
       Javelin           |       |       |       |       |     3 ||     3
Invok: Minor Destruction |       |       |       |    76 |    20 ||    96
       Major Destruction |       |       |       |     1 |     4 ||     5
       Lesser Servant of |       |       |       |     1 |     2 ||     3
Evoke: Wand              |       |       |       |     6 |     2 ||     8
  Use: Scroll            |     2 |     5 |     4 |     9 |     4 ||    24
       Potion            |     2 |       |     1 |     3 |     1 ||     7
 Stab: Petrifying        |       |       |     3 |     3 |       ||     6
       Petrified         |       |       |     2 |       |       ||     2
       Confused          |       |       |     2 |     5 |       ||     7
       Paralysed         |       |       |     1 |     4 |       ||     5
  Eat: Chunk             |       |     8 |    10 |    16 |     1 ||    35
       Ration            |       |       |       |     1 |     2 ||     3
Armor: Scale mail        |    10 |       |       |       |       ||    10
       Chain mail        |   103 |    83 |    69 |    35 |       ||   290
       Plate armour      |       |       |       |   201 |   107 ||   308
       Skin              |       |       |       |     1 |       ||     1
Dodge: Dodged            |    66 |    40 |    27 |    92 |    62 ||   287
Block: Shield            |   111 |    76 |    95 |   266 |   155 ||   703
